 Dungeon Crawl Stone Soup version 0.23.2-33-g5129a83184 (webtiles) character file.

Game seed: 13674936629296833230

78 Ebbett the Chopper (level 4, -1/38 HPs)
             Began as a Hill Orc Gladiator on July 20, 2019.
             Slain by a gnoll
             ... wielding a cursed -1 halberd
              (3 damage)
             ... on level 2 of the Dungeon.
             The game lasted 00:08:30 (1552 turns).

Ebbett the Chopper (Hill Orc Gladiator)             Turns: 1552, Time: 00:08:30

Health: -1/38      AC:  4    Str: 17    XL:     4   Next: 36%
Magic:  4/4        EV: 12    Int:  8    God:
Gold:   51         SH:  0    Dex: 12    Spells: 3/3 levels left

rFire    . . .     SeeInvis .   a - +0 war axe
rCold    . . .     Gourm    .   (no shield)
rNeg     . . .     Faith    .   b - +0 leather armour
rPois    .         Spirit   .   c - +0 helmet
rElec    .         Reflect  .   (no cloak)
rCorr    .         Harm     .   (no gloves)
MR       .....                  (no boots)
Stlth    +.........             (no amulet)
HPRegen  0.12/turn              (no ring)
MPRegen  0.09/turn              (no ring)

@: starving
A: no striking features
a: no special abilities


You were on level 2 of the Dungeon.
You were starving.

You visited 1 branch of the dungeon, and saw 2 of its levels.

You collected 51 gold pieces.

Inventory:

Hand Weapons
 a - a +0 war axe (weapon)
 e - a +0 whip
 i - a +0 club
 o - a +0 dagger
 r - a +0 dagger
 s - a +0 hunting sling
 u - a cursed -3 club
 v - a +0 dagger
 x - a cursed -3 club
 y - a +0 club
 A - a +2 hand axe of chopping
 B - a +0 club
 C - a +0 club
 D - a +0 dagger
Missiles
 d - 3 throwing nets (quivered)
 k - 8 stones
 q - 14 bolts
 w - 6 tomahawks
Armour
 b - a +0 leather armour (worn)
 c - a +0 helmet (worn)
Jewellery
 l - an uncursed amulet of the gourmand {unknown}
Scrolls
 g - 2 scrolls of remove curse {unknown}
 h - 2 scrolls of identify {unknown}
 p - a scroll of noise {unknown}
 t - a scroll of magic mapping {unknown}
Potions
 j - a potion of heal wounds {unknown}
 m - 4 potions of degeneration {unknown}
 n - 2 potions of ambrosia {unknown}
 z - a potion of mutation {unknown}
Comestibles
 f - 3 rations


   Skills:
 + Level 3.1 Fighting
 + Level 5.1 Axes
 + Level 2.1 Throwing
 + Level 1.4 Armour
 + Level 2.8 Dodging
 + Level 0.1 Stealth


You had 3 spell levels left.
You didn't know any spells.
Your spell library was empty.

Dungeon Overview and Level Annotations

Branches:
Dungeon (2/15)

Altars:


Message History

You hit the bush but do no damage. You hit the plant but do no damage.
You slash the bush! The gnoll misses you.
You hit the plant but do no damage.
The plant is lightly damaged.
You hit the bush but do no damage. You hit the plant.
You hit the bush but do no damage. The gnoll barely misses you.
You slash the plant!
The plant is heavily damaged.
You hit the bush but do no damage. You hit the plant but do no damage.
You hit the bush but do no damage. The gnoll completely misses you.
You hit the plant but do no damage.
The plant is heavily damaged.
You hit the bush but do no damage. You hit the plant but do no damage.
You completely miss the bush. The gnoll barely misses you.
You slash the plant!
The plant is severely damaged.
You hit the bush but do no damage. You hit the plant but do no damage.
You hit the bush but do no damage.
The gnoll hits you from afar with a cursed -1 halberd.
You die...

.# ## .# ## .# ## .#
######## ###########
.#.....## #....@P..P#
#.......####..gPPP.P...#
..............PP♣♣♣♣.P.#
....<....###.†.♣♣ ..
.†.......# #.♣♣♣ #
..÷......# #..♣
..÷......###.P♣
<.÷...........♣
........####...


You could see a gnoll.

Vanquished Creatures
  A gnoll (D:2)
  2 adders (D:2)
  An ooze (D:1)
  4 dart slugs
  8 bats
  2 goblins
  7 hobgoblins
  2 jackals (D:1)
  7 kobolds
  A frilled lizard (D:1)
  2 rats (D:1)
  A plant (D:2)
38 creatures vanquished.

Vanquished Creatures (others)
  A bush (D:2)
  A plant (D:2)
2 creatures vanquished.

Grand Total: 40 creatures vanquished

Notes
Turn   | Place    | Note
-------+----------+-------------------------------------------
     0 | D:1      | Ebbett the Hill Orc Gladiator began the quest for the Orb.
     0 | D:1      | Reached XP level 1. HP: 18/18 MP: 1/1
   164 | D:1      | Reached XP level 2. HP: 14/25 MP: 2/2
   556 | D:1      | Reached XP level 3. HP: 21/31 MP: 3/3
  1307 | D:2      | Reached skill level 5 in Axes
  1307 | D:2      | Reached skill level 1 in Armour
  1307 | D:2      | Reached XP level 4. HP: 17/38 MP: 4/4
  1547 | D:2      | HP: 1/38 [gnoll/cursed -1 halberd (2)]
  1552 | D:2      | Slain by a gnoll

Skill      XL: |  1  2  3 |
---------------+----------+-----
Throwing       | 2 |  2.1
Fighting       | 3 |  3.1
Axes           | 5 |  5.1
Armour         | 1 |  1.4
Dodging        | |  2.8
Stealth        | |  0.1

Action                   |  1- 3 |  4- 6 || total
-------------------------+-------+-------++-------
Melee: War axe           |    75 |    88 ||   163
Armor: Leather armour    |    55 |    15 ||    70
Dodge: Dodged            |   114 |    57 ||   171
